 Dungeon Crawl Stone Soup version 0.32-a0-422-g28b100f618 (webtiles) character file.

Game seed: 14136405841999251744

288195 Monkooky the Earth Mage (level 19, -10/161 HPs)
             Began as a Mountain Dwarf Monk on Feb 20, 2024.
             Was the Champion of Ru.
             Mangled by an orc warlord
             ... wielding a +3 great sword of protection
              (48 damage)
             ... on level 4 of the Vaults on Feb 21, 2024.
             The game lasted 03:01:31 (56239 turns).

Monkooky the Earth Mage (Mountain Dwarf Monk)      Turns: 56239, Time: 03:01:32

Health: -10/161    AC: 31    Str: 20    XL:     19   Next: 88%
Magic:  10/43      EV: 11    Int: 16    God:    Ru [******]
Gold:   1536       SH:  0    Dex: 20    Spells: 12/40 levels left

rFire   + + .        N - +1 demon whip (venom)
rCold   + + +        (shield unavailable)
rNeg    . . .        C - +2 gold dragon scales
rPois   +            W - +2 helmet "Wazag" {rF+}
rElec   +            J - +2 cloak "Paitrah" {rElec rPois Str+3 Dex+2}
rCorr   .            k - +0 pair of gloves {Dex+3}
SInv    +            d - +1 pair of boots of Pan-Flutes {rElec SInv}
Will    +....        z - amulet of the Townfolk {Acrobat rC++ MP+9 Dex+7} Stlth
                     (ring unavailable)
HPRegen 0.46/turn    M - +5 ring of evasion
MPRegen 0.28/turn

%: acrobat
@: no status effects
A: clumsy 2, missing a hand, no stealth, no fire magic, no alchemy magic, no
translocations magic, unskilled 1, runic magic, artefact enchanting
}: 2/15 runes: serpentine, barnacled
a: Renounce Religion, Draw Out Power, Power Leap, Apocalypse


You were on level 4 of the Vaults.
You worshipped Ru.
Ru was exalted by your worship.
You visited 6 branches of the dungeon, and saw 34 of its levels.
You also visited: Ice Cave.

You collected 3013 gold pieces.
You spent 1477 gold pieces at shops.

Inventory:

Hand Weapons
 N - a +1 demon whip of venom (weapon)
Missiles
 b - 5 throwing nets
 D - 11 curare-tipped darts
Armour
 d - the +1 pair of boots of Pan-Flutes (worn) {rElec SInv}
   (You acquired it on level 2 of the Vaults)

   rElec:     It insulates you from electricity.
   SInv:      It lets you see invisible.
 k - a +0 pair of gloves of dexterity (worn)
 C - +2 gold dragon scales (worn)
 J - the +2 cloak "Paitrah" (worn) {rElec rPois Str+3 Dex+2}
   (You found it on level 3 of the Vaults)

   Str+3:     It affects your strength (+3).
   Dex+2:     It affects your dexterity (+2).
   rElec:     It insulates you from electricity.
   rPois:     It protects you from poison
 W - the +2 helmet "Wazag" (worn) {rF+}
   (You acquired it on level 5 of the Lair of Beasts)

   rF+:       It protects you from fire.
Magical Staves
 U - a staff of conjuration
 Z - the staff of Ragnarok {rC+ rCorr Summ Ice}
   (You found it on level 5 of the Lair of Beasts)

   [staff of cold]

   Base accuracy: +5 Base damage: 5 Base attack delay: 1.2 This weapon's minimum
   attack delay (0.6) is reached at skill level 12.
   rC+:       It protects you from cold.
   rCorr:     It protects you from acid and corrosion.
   Summ:      It increases the power of your Summonings spells.
   Ice:       It increases the power of your Ice spells.
   It falls into the 'Staves' category.
   It is a one-handed weapon.
Jewellery
 a - the ring of Iduxauth {rC++ rN+ Str+3 Dex+6}
   (You found it on level 13 of the Dungeon)

   [ring of dexterity]

   Str+3:     It affects your strength (+3).
   Dex+6:     It affects your dexterity (+6).
   rC++:      It greatly protects you from cold.
   rN+:       It protects you from negative energy.
 y - a +5 ring of evasion
 z - the amulet of the Townfolk (around neck) {Acrobat rC++ MP+9 Dex+7}
   (You acquired it on level 13 of the Dungeon)

   [amulet of the acrobat]

   Acrobat:   It increases your evasion while moving and waiting.
   Dex+7:     It affects your dexterity (+7).
   rC++:      It greatly protects you from cold.
   MP+9:      It affects your magic capacity (+9).
 L - a ring of protection from cold
 M - a +5 ring of evasion (right hand)
 O - a ring of protection from fire
 V - a ring of wizardry
 Y - the ring "Qaset" {Will+ AC+4}
   (You found it on level 5 of the Lair of Beasts)

   [ring of protection]

   AC+4:      It affects your AC (+4).
   Will+:     It increases your willpower.
Wands
 p - a wand of iceblast (29)
 q - a wand of charming (29)
 w - a wand of flame (57)
 A - a wand of acid (14)
 K - a wand of mindburst (20)
 S - a wand of digging (7)
Scrolls
 h - a scroll of silence
 i - 8 scrolls of amnesia
 l - 8 scrolls of teleportation
 m - 7 scrolls of blinking
 r - 2 scrolls of fear
 G - a scroll of poison
 I - 24 scrolls of identify
 P - 5 scrolls of vulnerability
 Q - 5 scrolls of revelation
 R - a scroll of torment
 T - 3 scrolls of fog
 X - 3 scrolls of summoning
Potions
 c - 6 potions of ambrosia
 e - 2 potions of berserk rage
 f - 3 potions of mutation
 g - 4 potions of might
 j - 5 potions of heal wounds
 o - 6 potions of attraction
 s - 2 potions of magic
 t - 11 potions of curing
 u - 10 potions of haste
 v - 6 potions of cancellation
 x - 8 potions of enlightenment
 B - 6 potions of lignification
 E - 2 potions of invisibility
 F - 3 potions of brilliance
Miscellaneous
 n - a lightning rod (4/4)
 H - a phial of floods


   Skills:
 - Level 12.3 Fighting
 - Level 4.1(8.6) Axes
 - Level 11.6(12.0) Maces & Flails
 - Level 12.3 Armour
 - Level 5.3 Dodging
 + Level 11.0 Spellcasting
 * Level 13.1 Conjurations
 * Level 15.0 Summonings
 - Level 5.0 Necromancy
 - Level 16.0 Earth Magic


You had 12 spell levels left.
You knew the following spells:

 Your Spells              Type           Power      Damage    Failure   Level
a - Stone Arrow           Conj/Erth      100%       3d13      1%          3
b - Animate Armour        Summ/Erth      100%       N/A       1%          4
c - Spellforged Servitor  Conj/Summ      26%        N/A       52%         7
d - Bombard               Conj/Erth      26%        9d5       10%         6
e - Borgnjor's Vile Clut  Necr/Erth      21%        N/A       9%          5
f - Fugue of the Fallen   Necr           25%        N/A       9%          3

Your spell library contained the following spells:

 Spells                   Type           Power      Damage    Failure   Level
 Kiss of Death            Conj/Necr      100%       2d13      1%          1
 Magic Dart               Conj           100%       1d8       1%          1
 Sandblast                Erth           100%       2d20      1%          1
 Summon Small Mammal      Summ           100%       N/A       1%          1
 Searing Ray              Conj           100%       2d8       1%          2
 Call Canine Familiar     Summ           54%        N/A       1%          3
 Passwall                 Erth           56%        N/A       1%          3
 Brom's Barrelling Bould  Conj/Erth      53%        2d7       1%          4
 Lee's Rapid Deconstruct  Erth           28%        3d15*     1%          5
 Static Discharge         Conj/Air       58%        3-6/arc   2%          2
 Martyr's Knell           Necr/Summ      41%        N/A       3%          4
 Iskenderun's Battlesphe  Conj           50%        2d10      3%          5
 Hailstorm                Conj/Ice       29%        3d8       4%          3
 Summon Cactus Giant      Summ           27%        N/A       8%          6
 Summon Lightning Spire   Summ/Air       32%        N/A       11%         4
 Freeze                   Ice            32%        1d5       24%         1
 Animate Dead             Necr           25%        N/A       30%         4
 Dispel Undead            Necr           25%        3d12      30%         4
 Summon Mana Viper        Hex/Summ       32%        N/A       30%         5
 Jinxbite                 Hex            16%        N/A       34%         2
 Arcjolt                  Conj/Air       14%        1d24      41%         5
 Confusing Touch          Hex            8%         N/A       56%         3
 Frozen Ramparts          Ice            16%        1d3       56%         3
 Ozocubu's Armour         Ice            8%         N/A       56%         3
 Tukima's Dance           Hex            8%         N/A       56%         3
 Anguish                  Hex/Necr       8%         N/A       63%         4
 Freezing Cloud           Conj/Ice/Air   11%        6-21      73%         5
 Airstrike                Air            4%         2d(1-17)  93%         4
 Cause Fear               Hex            4%         N/A       93%         4
 Haunt                    Necr/Summ      20%        N/A       97%         7
 Death Channel            Necr           12%        N/A       99%         6
 Lehudib's Crystal Spear  Conj/Erth      26%        10d7      99%         8
 Metabolic Englaciation   Hex/Ice        4%         N/A       100%        5
 Enfeeble                 Hex            4%         N/A       100%        7
 Maxwell's Capacitive Co  Air            4%         ∞         100%        8
 Foxfire                  Conj/Fire      Unusable   2x1d9     N/A         1
 Summon Blazeheart Golem  Fire/Summ      Unusable   N/A       N/A         4
 Mephitic Cloud           Conj/Alch/Air  Unusable   N/A       N/A         3
 Fulminant Prism          Conj/Alch      Unusable   3d8       N/A         4
 Cigotuvi's Dreadful Rot  Necr/Alch/Air  Unusable   N/A       N/A         2
 Summon Forest            Summ/Tloc      Unusable   N/A       N/A         5
 Mercury Vapours          Alch/Air       Unusable   N/A       N/A         2
 Manifold Assault         Tloc           Unusable   N/A       N/A         4
 Passage of Golubria      Tloc           Unusable   N/A       N/A         4
 Vhi's Electric Charge    Tloc/Air       Unusable   N/A       N/A         4
 Yara's Violent Unravell  Hex/Alch       Unusable   3d4       N/A         5
 Sculpt Simulacrum        Ice/Alch       Unusable   N/A       N/A         6

Dungeon Overview and Level Annotations

Branches:
Dungeon (15/15)            Temple (0/1) D:5            Lair (5/5) D:8
 Shoals (4/4) Lair:3        Snake (4/4) Lair:2        Slime (0/5) Lair:4
    Orc (2/2) D:12            Elf (0/3) Orc:2        Vaults (4/5) D:13
  Crypt (0/3) Vaults:3     Depths (0/4) D:15          IceCv (visited)

Altars:
Ashenzari
Makhleb
Okawaru
Ru
Sif Muna
Trog
Vehumet
Beogh
Jiyva

Shops:
D:10 **   D:12 (   D:13 [   Orc:2 (=[*(!**   Shoals:1 *   Shoals:2 [
Shoals:3 [   Snake:2 ::=   Snake:3 *[=   Vaults:2 :   Vaults:3 (:(((

Portals:
Trove: D:11 (give 5 scrolls of fog)

Annotations:
D:2 1 runed translucent door, Crazy Yiuf
D:7 1 runed translucent door, exclusion: animated armour, soberseth's ghost, novice MDFE
Lair:2 exclusion: downstairs
Lair:4 exclusion: downstairs
Shoals:2 exclusion: downstairs
Vaults:1 3 runed translucent doors, croobank's ghost, adept DsIE


Innate Abilities, Weirdness & Mutations

You are very clumsy. (Dex -4)
You are missing a hand.
You cannot be stealthy.
You cannot study or cast Fire magic.
You cannot study or cast Alchemy magic.
You cannot study or cast Translocations magic.
You are somewhat unskilled. (-1 Apt)
Your spellcasting is much less encumbered by armour.
You can use scrolls of enchantment on lesser artefacts.


Message History

The zombie hands constrict the orc warlord.
The zombie hands constrict the orc knight.
The zombie hands release their grip on the orc warlord.
The orc knight struggles to escape constriction.
The orc warlord hits you with a +3 great sword of protection!!
You focus your inner power and illuminate the orc warlord in retribution!
Aiming: Bombard (dangerous; 10% risk of failure)
Press: ? - help, Q - select action, (/) - cycle Shift-Dir - straight line, f - orc warlord, p - orc knight
Aim: an orc warlord, wielding a +3 great sword of protection and wearing a +3 chain mail of willpower (heavily wounded, strong, extremely poisoned, softly glowing, 86% to hit)
Okay, then.
Aiming: Bombard (dangerous; 10% risk of failure)
Press: ? - help, Q - select action, (/) - cycle Shift-Dir - straight line, f/p - orc knight
Aim: an orc knight, wielding a +2 battleaxe of electrocution and wearing a +0 chain mail (moderately wounded, strong, constricted by zombie hands, ally target, 100% to hit)
The iron shot hits the orc warlord!!
The orc warlord is severely wounded.
The blast sends you backwards.
The zombie hands constrict the orc knight.
The orc knight struggles to escape constriction.
Your animated gold dragon scales hits the orc knight.
Your animated gold dragon scales hits the orc knight!!!
The orc knight dies!
Aiming: Bombard (dangerous; 10% risk of failure)
Press: ? - help, Q - select action, (/) - cycle Shift-Dir - straight line, f - orc warlord
Aim: an orc warlord, wielding a +3 great sword of protection and wearing a +3 chain mail of willpower (severely wounded, strong, extremely poisoned, softly glowing, 86% to hit)
The iron shot hits the orc warlord!!
The orc warlord is almost dead.
The orc warlord hits you with a +3 great sword of protection!!
* * * LOW HITPOINT WARNING * * *
Unknown command.
Casting: Bombard (dangerous; 10% risk of failure)
Confirm with . or Enter, or press ? or * to list all spells.
Aiming: Borgnjor's Vile Clutch (dangerous; 9% risk of failure)
Press: ? - help, Shift-Dir - straight line, f/p - orc warlord
Aim: an orc warlord, wielding a +3 great sword of protection and wearing a +3 chain mail of willpower (almost dead, strong, extremely poisoned, softly glowing, ally target, 100% to hit)
Zombie hands grab the orc warlord.
Your animated gold dragon scales is unaffected.
The zombie hands constrict the orc warlord, but do no damage.
The orc warlord hits you with a +3 great sword of protection!!!
You die...
Ru respects your ultimate sacrifice.

*********##################******
,,,,,,,,,..........).......,,,,,,
,,,,,,,,,.......@o[).......,,,,,,
,,,,,,,,,..................,,,,,,
,,,,,,,,,..........########****,,
,,,,,,,,,..........#,,,,,,,,,,*,,
,,,,,,,,,..........#,,,,,,,,,,*,,
*+***,***########..#,,,,,,,,,,*,,
*,,,**+,,,,,,,,,#..#,,>,,,,,,,*,,
,,,,,**,,,~~~,,,#..#,,,,,,,,,,#..
,,,,,**,,~~,~~,,#..#,,,,,,,,,,#..


You could see an orc warlord (strong, extremely poisoned, clutched, corona, ally
target) and a friendly animated gold dragon scales (summoned).

Vanquished Creatures
  A sphinx (Vaults:2)
  An ancient champion (Vaults:3)
  3 vault wardens
  A ghoul (Vaults:3)
  An orc warlord (Vaults:1)
  2 ironbound preservers
  A formless jellyfish (Vaults:1)
  An ironbound thunderhulk (Vaults:2)
  A very ugly thing (IceCv)
  Nessos (Orc:2)
  A dire elephant (Vaults:4)
  3 merfolk impalers
  4 merfolk javelineers
  2 yaktaur captains (Vaults:2)
  A vault guard (Vaults:2)
  A great orb of eyes (Vaults:3)
  A salamander tyrant (Snake:4)
  3 hydras
  An ogre mage (D:15)
  7 centaur warriors
  2 anacondas
  A death knight (D:14)
  A boulder beetle (Vaults:3)
  A caustic shrike simulacrum (IceCv)
  3 merfolk aquamancers (Shoals:4)
  An ironbound frostheart (Vaults:2)
  A catoblepas (Shoals:3)
  6 naga warriors
  6 two-headed ogres
  A tengu warrior (D:14)
  A satyr (Shoals:4)
  2 death yaks
  An orc high priest (Orc:2)
  A deep troll earth mage (D:15)
  2 occultists (D:15)
  4 naga sharpshooters
  A glowing orange brain (Vaults:3)
  2 salamander mystics
  3 deep trolls
  3 sea snakes
  An orange crystal statue (IceCv)
  2 mana vipers
  10 ironbound convokers
  3 arcanists
  A phantasmal warrior (Vaults:3)
  3 lindwurms (Vaults:2)
  A deep elf pyromancer (D:15)
  An orc knight (Orc:1)
  26 harpies
  5 ugly things
  2 salamanders
  2 orc sorcerers (Orc:2)
  11 fauns
  2 meliai (D:15)
  2 kobold blastminers
  Maurice (D:12)
  5 manticores
  2 black mambas (Snake:1)
  5 cyclopes
  8 naga magi
  5 vault sentinels (Vaults:2)
  5 merfolk sirens
  A torpor snail (Lair:5)
  2 water nymphs (Shoals:1)
  2 guardian serpents
  An unseen horror (D:11)
  An orange demon (Orc:2)
  3 cane toads
  Psyche (D:11)
  A rime drake (Lair:5)
  An anaconda simulacrum (IceCv)
  2 komodo dragons
  19 yaktaurs
  An efreet (D:12)
  2 freezing wraiths
  A troll (Orc:1)
  13 merfolk
  4 wind drakes
  8 blink frogs
  3 snapping turtles
  4 dream sheep
  5 slime creatures
  A shadow (D:12)
  7 water elementals
  A nameless horror (Lair:1)
  A wyvern (D:11)
  3 yaks
  3 basilisks
  3 wargs
  A harpy simulacrum (IceCv)
  13 nagas
  2 water moccasins
  12 orc warriors
  A hydra simulacrum (IceCv)
  2 black bears
  A sky beast (D:7)
  3 ogres
  An ice beast (D:5)
  2 centaurs
  3 wolves
  2 phantoms
  3 kobold brigands
  11 bullfrogs
  A brain worm (D:5)
  3 scorpions
  A wight (D:9)
  5 killer bees
  5 howler monkeys
  2 electric eels
  5 jellies
  A bombardier beetle (D:5)
  14 orc priests
  A hound (D:5)
  2 iguanas (D:4)
  Ijyb (D:5)
  18 orc wizards
  17 gnolls
  5 adders
  A white imp (D:7)
  2 ufetubi (D:7)
  2 dart slugs
  4 ribbon worms
  59 orcs
  4 bats
  8 endoplasms
  3 giant cockroaches
  4 goblins
  6 hobgoblins
  5 jackals (D:3)
  12 kobolds
  5 quokkas
  8 ball pythons
  3 frilled lizards
  A kobold (shapeshifter) (D:14)
  9 rats
551 creatures vanquished.

Vanquished Creatures (collateral kills)
  Vashnia (Snake:4)
  Nikola (Snake:3)
  Jorgrun (Orc:2)
  Polyphemus (Shoals:3)
  Agnes (Snake:1)
  Frances (Snake:1)
  Aizul (Snake:1)
  Donald (Orc:2)
  5 nagarajas (Snake:4)
  Roxanne (Shoals:1)
  Ilsuiw (Shoals:3)
  5 vault wardens
  2 orc warlords
  3 formless jellyfish
  6 ironbound preservers
  The ghost of Ceno the Carver, a journeyman CoWr of Yredelemnul (D:12)
  2 ironbound thunderhulks
  2 very ugly things
  2 stone giants
  4 dire elephants
  An eidolon (Vaults:3)
  5 merfolk impalers
  3 great orbs of eyes
  6 yaktaur captains
  7 vault guards
  A caustic shrike simulacrum (IceCv)
  A jorogumo (D:13)
  3 hydras
  4 centaur warriors
  3 ironbound frosthearts
  An alligator snapping turtle (Shoals:4)
  2 merfolk avatars (Shoals:4)
  A catoblepas (Lair:3)
  Erica (D:9)
  4 two-headed ogres
  4 anacondas
  A dancing weapon (D:13)
  3 tengu warriors
  10 naga warriors
  3 boulder beetles
  6 death yaks
  8 shock serpents
  14 naga sharpshooters
  4 orc high priests (Orc:2)
  Amaemon (Lair:1)
  4 salamander mystics
  19 deep trolls
  10 skysharks
  2 sea snakes
  A skeletal warrior (D:15)
  4 arcanists
  An orange crystal statue (IceCv)
  A goliath frog (Lair:5)
  4 mana vipers
  A glowing orange brain (Vaults:3)
  5 harpies
  7 ironbound convokers
  13 lindwurms
  2 naga ritualists
  9 orc knights
  A harpy (shapeshifter) (D:13)
  A necromancer (Vaults:2)
  11 ugly things
  12 manticores
  2 orc sorcerers (Orc:2)
  5 fauns
  A cyclops (D:14)
  6 salamanders
  A meliai (D:15)
  4 merfolk sirens
  6 elephants (Lair:5)
  2 guardian serpents
  9 vault sentinels
  15 black mambas
  8 naga magi
  A gargoyle (D:12)
  4 water nymphs
  16 cane toads
  5 orange demons
  A yaktaur zombie (Vaults:2)
  Jeremiah (D:8)
  2 freezing wraiths (IceCv)
  9 komodo dragons
  2 rime drakes
  10 yaktaurs
  An unseen horror (D:12)
  An anaconda simulacrum (IceCv)
  An efreet (D:13)
  A golden dragon simulacrum (IceCv)
  A tengu conjurer (D:13)
  2 polar bears
  2 tyrant leeches (Lair:5)
  A wind drake (Shoals:1)
  2 hornets (D:13)
  4 dream sheep (Lair:4)
  17 blink frogs
  10 merfolk
  A fire giant simulacrum (Vaults:2)
  A snapping turtle (Shoals:2)
  14 slime creatures
  2 dire elephant simulacra (IceCv)
  A wraith (D:13)
  A ynoxinul (D:12)
  4 water elementals
  3 wyverns
  36 yaks
  A vampire (D:12)
  2 wargs
  2 nameless horrors
  A steam dragon (Lair:1)
  8 vampire mosquitoes
  23 nagas
  A harpy simulacrum (IceCv)
  A hydra simulacrum (IceCv)
  2 human simulacra (Vaults:2)
  16 water moccasins
  A sky beast (D:8)
  20 orc warriors
  2 ettin simulacra (IceCv)
  An ice beast (D:7)
  3 black bears
  29 wolves
  A kobold brigand (D:9)
  9 bullfrogs
  3 scorpions (Orc:2)
  4 wights (D:9)
  8 killer bees
  3 lindwurm simulacra (IceCv)
  A howler monkey (D:9)
  A jelly (Lair:4)
  A gnoll bouda (D:9)
  6 orc priests
  6 orc wizards
  A white imp (D:7)
  14 orcs
  A hobgoblin (D:4)
  A kobold (D:9)
636 creatures vanquished.

Vanquished Creatures (others)
  A fire giant (D:15)
  2 naga sharpshooters
  A salamander mystic (Snake:2)
  An ironbound convoker (Vaults:2)
  3 harpies
  A yaktaur (Vaults:2)
  2 merfolk
  A dream sheep (Shoals:4)
  A blink frog (Lair:5)
  A vampire mosquito (Lair:5)
  A harpy simulacrum (IceCv)
  A bombardier beetle (D:5)
  A gnoll bouda (D:4)
  An iguana (D:4)
  2 orc wizards
  2 gnolls (D:4)
  An orc (Orc:2)
  A goblin (D:5)
24 creatures vanquished.

Grand Total: 1211 creatures vanquished

Notes
Turn   | Place    | Note
-------+----------+-------------------------------------------
     0 | D:1      | Monkooky the Mountain Dwarf Monk began the quest for the
                  | Orb.
     0 | D:1      | Reached XP level 1. HP: 19/19 MP: 1/1
   115 | D:1      | Reached XP level 2. HP: 23/26 MP: 2/2
   542 | D:1      | Reached XP level 3. HP: 32/33 MP: 3/3
   858 | D:2      | Reached XP level 4. HP: 11/40 MP: 4/4
   973 | D:2      | Found a runed translucent door.
   974 | D:2      | Noticed Crazy Yiuf
  1106 | D:2      | Learned a level 3 spell: Stone Arrow
  1185 | D:2      | Found a faded altar of an unknown god.
  1197 | D:2      | Prayed at the altar of an unknown god.
  1197 | D:2      | Became a worshipper of Ru the Awakened
  1202 | D:2      | Gained mutation: You cannot study or cast Fire magic. [Ru
                  | sacrifice]
  1202 | D:2      | Gained mutation: You cannot study or cast Alchemy magic.
                  | [Ru sacrifice]
  1202 | D:2      | Gained mutation: You cannot study or cast Translocations
                  | magic. [Ru sacrifice]
  1202 | D:2      | Reached * piety under Ru
  1207 | D:2      | Reached skill level 1 in Spellcasting
  1512 | D:2      | Reached skill level 1 in Earth Magic
  1975 | D:3      | Found a broken altar of Ashenzari.
  2015 | D:3      | Found a burning altar of Makhleb.
  2051 | D:3      | Reached XP level 5. HP: 46/46 MP: 6/6
  2756 | D:4      | Reached skill level 1 in Conjurations
  2756 | D:4      | Reached skill level 2 in Earth Magic
  2813 | D:4      | Noticed a phantom
  2854 | D:4      | Killed a phantom
  2913 | D:4      | Found a radiant altar of Vehumet.
  2978 | D:4      | Reached skill level 3 in Earth Magic
  2978 | D:4      | Reached XP level 6. HP: 33/52 MP: 8/8
  3668 | D:4      | Reached skill level 4 in Earth Magic
  3840 | D:5      | Entered Level 5 of the Dungeon
  3863 | D:5      | Gained mutation: You are missing a hand. [Ru sacrifice]
  3863 | D:5      | Reached ** piety under Ru
  3863 | D:5      | Reached *** piety under Ru
  3884 | D:5      | Reached skill level 1 in Armour
  3904 | D:5      | Reached XP level 7. HP: 50/59 MP: 10/10
  4165 | D:5      | Reached skill level 5 in Earth Magic
  4272 | D:5      | Learned a level 4 spell: Animate Armour
  4342 | D:5      | Noticed Ijyb
  4363 | D:5      | Killed Ijyb
  4598 | D:5      | Found Jafyomu's Book Shop.
  4615 | D:5      | Found a staircase to the Ecumenical Temple.
  4830 | D:5      | Found a bloodstained altar of Trog.
  4842 | D:5      | Reached skill level 1 in Summonings
  5090 | D:5      | Reached XP level 8. HP: 66/66 MP: 8/12
  5796 | D:6      | Reached skill level 6 in Earth Magic
  6241 | D:6      | Found a shimmering blue altar of Sif Muna.
  7116 | D:6      | Reached skill level 7 in Earth Magic
  7570 | D:7      | Gained mutation: You are clumsy. (Dex -2) [Ru sacrifice]
  7570 | D:7      | Reached **** piety under Ru
  7845 | D:7      | Reached XP level 9. HP: 58/71 MP: 0/15
  8617 | D:7      | Found a runed translucent door.
  8835 | D:7      | Noticed soberseth's ghost (novice MDFE)
  8884 | D:8      | Noticed a death yak
  8905 | D:7      | Reached skill level 8 in Earth Magic
  9224 | D:7      | Reached skill level 5 in Armour
  9512 | D:8      | Killed a death yak
  9513 | D:8      | Reached skill level 9 in Earth Magic
 10006 | D:8      | Noticed Jeremiah
 10019 | D:8      | Killed Jeremiah
 10020 | D:8      | Reached skill level 5 in Spellcasting
 10082 | D:8      | Found a staircase to the Lair.
 10390 | D:8      | Reached skill level 5 in Summonings
 10390 | D:8      | Reached XP level 10. HP: 79/79 MP: 11/17
 11208 | Lair:1   | Entered Level 1 of the Lair of Beasts
 11351 | Lair:1   | Noticed a cane toad
 11359 | Lair:1   | Reached skill level 10 in Earth Magic
 11359 | Lair:1   | Killed a cane toad
 11372 | Lair:1   | Gained mutation: You are somewhat unskilled. (-1 Apt) [Ru
                  | sacrifice]
 11372 | Lair:1   | Reduced skill Earth Magic to level 9
 11372 | Lair:1   | Reached ***** piety under Ru
 11448 | Lair:1   | Reached skill level 5 in Summonings
 11736 | Lair:1   | Noticed a black mamba
 11740 | Lair:1   | Killed a black mamba
 11741 | Lair:1   | Reached skill level 10 in Earth Magic
 12177 | Lair:1   | Reached XP level 11. HP: 81/83 MP: 15/19
 12602 | Lair:1   | Reached skill level 11 in Earth Magic
 12640 | Lair:1   | Noticed Amaemon
 12648 | Lair:1   | Killed Amaemon
 13611 | Lair:2   | Found a staircase to the Snake Pit.
 13833 | Lair:2   | Reached skill level 12 in Earth Magic
 14256 | Lair:2   | Reached XP level 12. HP: 15/91 MP: 5/22
 14509 | Lair:3   | Noticed a catoblepas
 14515 | Lair:3   | Noticed a five-headed hydra
 14516 | Lair:3   | Killed a catoblepas
 15028 | Lair:3   | Found a staircase to the Shoals.
 15157 | Lair:3   | Gained mutation: You cannot be stealthy. [Ru sacrifice]
 15517 | Lair:3   | Killed a five-headed hydra
 16054 | Lair:4   | Reached skill level 13 in Earth Magic
 16055 | Lair:4   | Reached skill level 5 in Fighting
 16163 | Lair:4   | Noticed a five-headed hydra
 16169 | Lair:4   | Killed a five-headed hydra
 16292 | Lair:4   | Found a viscous altar of Jiyva.
 16762 | Lair:4   | Found a staircase to the Slime Pits.
 17100 | Lair:5   | Entered Level 5 of the Lair of Beasts
 17137 | Lair:5   | Reached XP level 13. HP: 92/102 MP: 8/24
 17633 | Lair:5   | Reached skill level 14 in Earth Magic
 17923 | Lair:5   | Identified the ring "Qaset" {Will+ AC+4}
 18029 | Lair:5   | Reached skill level 1 in Maces & Flails
 18312 | Lair:5   | Reached skill level 5 in Maces & Flails
 18385 | Lair:5   | Gained mutation: You are very clumsy. (Dex -4) [Ru
                  | sacrifice]
 18385 | Lair:5   | Reached ****** piety under Ru
 18539 | Lair:5   | Identified the staff of Ragnarok {rC+ rCorr Summ Ice}
 18572 | Lair:5   | Got Sif Muna's Thoughts on Malignant Acts and the Blaze
 18577 | Lair:5   | Identified the +0 chain mail of the Wilderness {rPois rF-
                  | Str+4 Dex+5}
 18871 | Lair:5   | Identified a scroll of acquirement
 18872 | Lair:5   | Acquired the +1 helmet "Wazag" {rF+}
 19713 | D:9      | Learned a level 7 spell: Spellforged Servitor
 19720 | D:9      | Learned a level 6 spell: Bombard
 19881 | D:9      | Found an iron altar of Okawaru.
 20081 | D:9      | Noticed Erica
 20086 | D:9      | Killed Erica
 20087 | D:9      | Reached XP level 14. HP: 111/111 MP: 17/25
 20151 | D:9      | Found a sacrificial altar of Ru.
 20220 | D:10     | Entered Level 10 of the Dungeon
 20419 | D:10     | Found Gopirgheh's General Store.
 20683 | D:10     | Found Ugelowad's General Store.
 21246 | D:11     | Found a portal to a secret trove of treasure.
 21512 | D:11     | Noticed Psyche
 21560 | D:11     | Killed Psyche
 21561 | D:11     | Reached skill level 10 in Maces & Flails
 21846 | D:12     | Noticed Maurice
 21858 | D:12     | Something stole a staff of alchemy
 21870 | D:12     | Killed Maurice
 22015 | D:12     | Found a runed translucent door.
 22015 | D:12     | Noticed Ceno's ghost (journeyman CoWr)
 22104 | D:10     | Bought +0 gold dragon scales for 1040 gold pieces
 22439 | D:12     | Found a staircase to the Orcish Mines.
 22470 | D:12     | Found Fiusox Tewka's Weapon Shop.
 22932 | D:12     | Found a roughly hewn altar of Beogh.
 23270 | D:12     | Killed Ceno's ghost
 23337 | Orc:1    | Entered Level 1 of the Orcish Mines
 23360 | Orc:1    | Reached skill level 10 in Armour
 23640 | Orc:2    | Entered Level 2 of the Orcish Mines
 23972 | Orc:2    | Noticed Donald
 23984 | Orc:2    | Killed Donald
 24129 | Orc:2    | Found a staircase to the Elven Halls.
 24218 | Orc:2    | Noticed Jorgrun
 24229 | Orc:2    | Killed Jorgrun
 24304 | Orc:2    | Noticed Nessos
 24339 | Orc:2    | Killed Nessos
 24808 | Orc:2    | Paralysed by an orc sorcerer for 4 turns
 25085 | Orc:2    | Noticed an orc warlord
 25102 | Orc:2    | Killed an orc warlord
 25103 | Orc:2    | Reached skill level 5 in Conjurations
 25541 | Orc:2    | Found Sih Umm's Antique Armour Shop.
 25542 | Orc:2    | Found Gobrosm's Antique Weapon Boutique.
 25544 | Orc:2    | Found Olysm's General Store.
 25544 | Orc:2    | Found Jiecisk's Jewellery Shop.
 25571 | Orc:2    | Bought a pair of glowing gloves for 277 gold pieces
 25715 | Orc:2    | Found Ytaish's Distillery.
 25721 | Orc:2    | Bought a potion of cancellation for 80 gold pieces
 25721 | Orc:2    | Bought a potion of magic for 80 gold pieces
 25738 | Orc:2    | Found Ankusuonleo's General Store.
 25766 | Orc:2    | Found Jereluh's Assorted Antiques.
 25836 | Orc:2    | Found Leengate's Antique Weapon Shop.
 26159 | D:13     | Reached XP level 15. HP: 114/121 MP: 22/26
 26378 | D:13     | Found Ocsu's Antique Armour Shoppe.
 26398 | D:13     | Identified the +14 chain mail of Omission {+Inv rC- Str+2}
 26587 | D:13     | Found a gate to the Vaults.
 26649 | D:13     | Acquired the amulet of the Townfolk {Acrobat rC++ MP+9
                  | Dex+7}
 27063 | D:13     | Identified the ring of Iduxauth {rC++ rN+ Str+3 Dex+6}
 28648 | D:15     | Entered Level 15 of the Dungeon
 29132 | Snake:1  | Entered Level 1 of the Snake Pit
 29146 | Snake:1  | Reached skill level 10 in Summonings
 29251 | Snake:1  | Noticed Frances
 29360 | Snake:1  | Killed Frances
 29523 | Snake:1  | Noticed Agnes
 29591 | Snake:1  | Killed Agnes
 30617 | Snake:1  | Identified the serpent talisman of the Skiapode {rF+ Will-
                  | Dex+3}
 30617 | Snake:1  | Noticed Aizul
 30622 | Snake:1  | Killed Aizul
 30971 | Snake:2  | Found Nij Zem's Book Shoppe.
 30974 | Snake:2  | Found Aphe's Jewellery Shop.
 30975 | Snake:2  | Found Relyopso's Book Shoppe.
 32639 | Snake:3  | Noticed Nikola
 32650 | Snake:3  | Killed Nikola
 32651 | Snake:3  | Reached XP level 16. HP: 86/132 MP: 28/28
 32777 | Snake:3  | Found a glacial archway.
 32788 | IceCv    | Entered an ice cave
 34357 | Snake:3  | Found Ehetoabu's Jewellery Boutique.
 34359 | Snake:3  | Found Vageoz's Armour Shop.
 34361 | Snake:3  | Found Garacsirch's Assorted Antiques.
 35115 | Snake:4  | Entered Level 4 of the Snake Pit
 35428 | Snake:4  | Noticed Vashnia
 35432 | Snake:4  | Reached skill level 10 in Conjurations
 35455 | Snake:4  | Killed Vashnia
 36954 | Snake:4  | Reached XP level 17. HP: 93/137 MP: 16/30
 37330 | Snake:4  | Got a serpentine rune of Zot
 38694 | D:15     | Found a staircase to the Depths.
 39065 | D:15     | Upgraded the game from 0.32-a0-411-g744942f433 to
                  | 0.32-a0-422-g28b100f618
 39300 | Shoals:1 | Entered Level 1 of the Shoals
 39367 | Shoals:1 | Reached skill level 10 in Spellcasting
 39490 | Lair:3   | Learned a level 5 spell: Borgnjor's Vile Clutch
 39506 | Shoals:1 | Reached skill level 1 in Necromancy
 39899 | Shoals:1 | Found Yklaf's Overcharged Wands.
 40796 | Shoals:1 | Identified the granite talisman of Fuheogas {rC- Int+2
                  | Dex+3}
 40796 | Shoals:1 | Noticed Roxanne
 40815 | Shoals:1 | Reached skill level 5 in Necromancy
 40988 | Shoals:1 | Reached skill level 15 in Earth Magic
 41224 | Shoals:1 | Killed Roxanne
 41390 | Shoals:2 | Found Piyrohoa's Armour Shoppe.
 42932 | Shoals:3 | Noticed Ilsuiw
 42938 | Shoals:3 | Noticed Polyphemus
 43403 | Shoals:3 | Found Voseghyx's Armour Boutique.
 44328 | Shoals:3 | Killed Polyphemus
 44741 | Shoals:3 | Killed Ilsuiw
 45023 | Shoals:4 | Entered Level 4 of the Shoals
 45062 | Shoals:3 | Reached XP level 18. HP: 129/145 MP: 32/32
 45194 | Shoals:4 | Reached skill level 16 in Earth Magic
 45723 | Shoals:4 | Identified the +5 broad axe "Ficureba" {heavy, rElec rC+
                  | Str-4 Int+4}
 46952 | Shoals:4 | Reached skill level 10 in Fighting
 47107 | Shoals:4 | Got a barnacled rune of Zot
 47811 | Vaults:1 | Entered Level 1 of the Vaults
 47816 | Vaults:1 | Learned a level 3 spell: Fugue of the Fallen
 48724 | Vaults:1 | Reached skill level 5 in Dodging
 48832 | Vaults:1 | Found a runed translucent gate.
 48832 | Vaults:1 | Found a runed translucent gate.
 48832 | Vaults:1 | Found a runed translucent gate.
 48833 | Vaults:1 | Noticed croobank's ghost (adept DsIE)
 50292 | Vaults:2 | Found Risouticoa's Book Emporium.
 50848 | Vaults:2 | Reached XP level 19. HP: 126/158 MP: 33/33
 51953 | Vaults:2 | Identified the +8 long sword of Chaos {heavy, ^Drain rPois
                  | SInv}
 52248 | Vaults:2 | You fall into a shaft and drop 2 floors!
 52343 | Vaults:3 | Found a staircase to the Crypt.
 52653 | Vaults:2 | Acquired the +1 pair of boots of Pan-Flutes {rElec SInv}
 53298 | Vaults:2 | Identified the +10 ring mail "Uhoem" {Int+4}
 54381 | Vaults:3 | Found Mil Tyfi's Weapon Boutique.
 54561 | Vaults:3 | Found Ithoiji's Weapon Boutique.
 54593 | Vaults:3 | Found Dusimi's Weapon Shop.
 55003 | Vaults:3 | Found Nupakh's Antique Weapon Shoppe.
 55401 | Vaults:3 | Identified the +5 rapier of Imminent Death {venom, rElec
                  | rC- rN+}
 55795 | Vaults:3 | Found Ukoss's Book Boutique.
 55938 | Vaults:3 | Reached skill level 15 in Summonings
 55949 | Vaults:3 | Identified the +2 cloak "Paitrah" {rElec rPois Str+3 Dex+2}
 56239 | Vaults:4 | Mangled by an orc warlord

Illustrated notes

Levels and vault maps discovered:
D:1:      wheals_arrival_shading, layout_loops_ring,
          hangedman_decor_clover_reticule
D:2:      layout_loops_ring, nicolae_ecumenical_pavilion, st_stairs_14,
          uniq_crazy_yiuf_cottage
D:3:      layout_loops_corners, mainiacjoe_overflow_big_doors, kennysheep_path_1
D:4:      layout_basic, mainiacjoe_overflow_paths
D:5:      kennysheep_spiral_hall, layout_loops_ring, trog_antimagical,
          minmay_temple_entry_antechambers, serial_shops, shop, uniq_ijyb
D:6:      layout_layer_cave, mainiacjoe_overflow_alcove_2
D:7:      layout_basic, ebering_ghost_reflecting_pool
D:8:      layout_layer_cave, david_lair_generic, uniq_jeremiah
D:9:      layout_loops_cross, mainiacjoe_overflow_alcove_4, lemuel_doored_altar,
          uniq_erica
D:10:     layout_rooms, serial_shops, shop, nicolae_shop_waterfront
D:11:     layout_gridville, nicolae_trove_entry_free_sample, uniq_psyche
D:12:     layout_basic, minmay_orc_entry_temple_small, hellmonk_ghost_big_iron,
          serial_shops, nicolae_shop_bloodbath_and_beyond, uniq_maurice
D:13:     hellmonk_paralyzer, layout_loops_ring, erik_vaults_1, serial_shops,
          shop, kb_tengu_band
D:14:     layout_layer_cave, nicolae_eternal_life
D:15:     hellmonk_depths_entry_around_the_bend, layout_cross
Lair:1:   layout_regular_city, chequers_serial_rivers_micro_b, st_stairs_4,
          beast_lair_carwin_4, serial_bayou_shore_a, grunt_megastairs_2,
          uniq_amaemon
Lair:2:   layout_regular_city, minmay_snake_entry_six_corridors, st_stairs_6
Lair:3:   layout_gridlike, mainiacjoe_shoals_entry_four_pools,
          serial_bayou_crossing, grunt_megastairs_5
Lair:4:   layout_regular_city, nicolae_slime_entry_field_trip
Lair:5:   minmay_lair_end_frog_pond, layout_gridlike, lemuel_fruit_fields,
          lemuel_fruit_tree, serial_bayou_shore_b, lemuel_fruit_fields
Shoals:1: layout_shoals, nicolae_shop_overcharged_wands, uniq_roxanne
Shoals:2: layout_shoals, serial_shops, shop
Shoals:3: nicolae_shoals_aurelia_aurita, layout_shoals, serial_shops,
          nicolae_shop_trees, uniq_ilsuiw, uniq_polyphemus
Shoals:4: shoals_end_simple, layout_shoals
Snake:1:  layout_misc_corridors, uniq_aizul, uniq_frances, uniq_agnes
Snake:2:  layout_layer_cave, minmay_shop_grove
Snake:3:  layout_chambers, portal_ice_cave_entry_pillars_1, minmay_shop_star,
          uniq_nikola
Snake:4:  snake_pit, layout_rooms, serial_curves, eino_curves_04,
          eino_curves_02, uniq_vashnia
Orc:1:    layout_diamond_mine
Orc:2:    st_orc_congregation, layout_caves, serial_shops,
          nicolae_lakefront_shop, nicolae_shop_tiny_waterfront, shop, shop,
          einodemon_barbed_minivault, uniq_jorgrun, uniq_nessos, uniq_donald
Vaults:1: gammafunk_ghost_spectres, v_rooms_5, v_misc_15,
          nicolae_vaults_more_shelving_2, v_misc_27, vaults_room_ringed_pool,
          nicolae_vaults_security_offices_2, v_alt_pattern_1,
          grunt_vaults_hallway_short, nicolae_vaults_stepped_doors,
          layout_vaults_ring
Vaults:2: fort_yaktaur, v_misc_2, nicolae_vaults_meiosis,
          nicolae_vaults_little_squares_6, v_rooms_5,
          hangedman_vaults_restitches, nicolae_vaults_trapezoid_lopsided_3,
          hangedman_vaults_trim, vaults_room_pool,
          nicolae_vaults_closet_pinwheel_2, ontoclasm_vaults_twist,
          nicolae_vaults_trapezoid_4, nicolae_vaults_two_Ls,
          layout_vaults_omnicross, serial_shops, nicolae_shop_tiny_statue_garden
Vaults:3: minmay_crypt_entry_simple_sparse, nicolae_vaults_security_offices_4,
          nicolae_vaults_big_ls, nicolae_vaults_trapezoid_lopsided_3, v_misc_19,
          ontoclasm_vaults_eye, nicolae_vaults_double_plus_2,
          nicolae_vaults_weapon_check, nicolae_vaults_spaceships,
          nicolae_vaults_house_2, layout_vaults_big_room, serial_shops, shop,
          nicolae_shop_trees, shop, nicolae_shop_rolling_square, shop
Vaults:4: vaults_room_mumra_shop_pool, grunt_vaults_swirl,
          nicolae_vaults_mitosis, special_room_vaults [special_room_orc],
          nicolae_vaults_tetromino_Z_2, layout_vaults_omnigrid

Skill      XL: |  1  2  3  4  5  6  7  8  9 10 11 12 13 14 15 16 17 18 19 |
---------------+----------------------------------------------------------+-----
Axes           | 4 |  4.1
Fighting       | 4 3 5 6 7 9 12 | 12.3
Spellcasting   | 1 2 3 4 5 6 7 8 9 10 11 | 11.0
Earth Magic    | 1 3 4 5 7 9 10 12 13 14 15 16 | 16.0
Conjurations   | 1 2 5 8 11 12 13 | 13.1
Armour         | 1 2 4 6 8 9 10 11 12 | 12.3
Summonings     | 1 3 5 5 7 8 9 11 12 15 | 15.0
Maces & Flails | 8 11 | 11.6
Necromancy     | 5 |  5.0
Dodging        | 5 |  5.3

Action                     |  1- 3 |  4- 6 |  7- 9 | 10-12 | 13-15 | 16-18 | 19-21 || total
---------------------------+-------+-------+-------+-------+-------+-------+-------++-------
  Melee: Hand axe          |    73 |   253 |   153 |   132 |    60 |       |       ||   671
         Demon whip        |       |       |       |       |   524 |   649 |   284 ||  1457
   Cast: Stone Arrow       |       |       |   102 |    61 |   221 |    74 |       ||   458
         Animate Armour    |       |       |    11 |    65 |   108 |   143 |    43 ||   370
         Bombard           |       |       |       |       |       |   125 |    50 ||   175
         Borgnjor's Vile C |       |       |       |       |       |    63 |    18 ||    81
         Fugue of the Fall |       |       |       |       |       |     1 |       ||     1
 Invoke: Sacrifice Arcana  |       |     1 |       |       |       |       |       ||     1
         Sacrifice a Hand  |       |     1 |       |       |       |       |       ||     1
         Draw Out Power    |       |       |     5 |     1 |     1 |       |       ||     7
         Sacrifice Purity  |       |       |     1 |       |     1 |       |       ||     2
         Sacrifice Skill   |       |       |       |     1 |       |       |       ||     1
         Apocalypse        |       |       |       |     1 |     6 |     6 |     2 ||    15
         Sacrifice Stealth |       |       |       |     1 |       |       |       ||     1
         Power Leap        |       |       |       |       |     2 |     1 |       ||     3
  Evoke: Wand              |       |     2 |     4 |       |     3 |     6 |       ||    15
         Phial of floods   |       |       |       |       |       |       |     1 ||     1
    Use: Scroll            |       |     5 |     1 |     3 |    26 |     3 |     3 ||    41
         Potion            |       |       |     1 |     4 |     3 |       |       ||     8
   Stab: Invisible         |       |       |     2 |       |     6 |     8 |     3 ||    19
         Paralysed         |       |       |       |       |    27 |     7 |     5 ||    39
         Distracted        |       |       |       |       |     6 |     7 |     4 ||    17
 Armour: Scale mail        |    52 |   136 |   168 |       |       |       |       ||   356
         Robe              |     1 |       |       |       |       |       |       ||     1
         Chain mail        |       |       |       |    60 |       |       |       ||    60
         Plate armour      |       |       |       |   185 |   204 |       |       ||   389
         Gold dragon scale |       |       |       |       |   411 |   908 |   219 ||  1538
         Skin              |       |       |       |       |     3 |       |       ||     3
  Dodge: Dodged            |    32 |   140 |   131 |   135 |   296 |   519 |   145 ||  1398
  Block: Other             |       |       |       |       |    44 |       |       ||    44
         Reflection        |       |       |       |       |     8 |       |       ||     8

Table legend: (Time is in decaauts)
 A = Elapsed time spent in this place.
 B = Non-inter-level travel time spent in this place.
 C = Inter-level travel time spent in this place.
 D = Time resting spent in this place.
 E = Time spent auto-exploring this place.
 F = Levels seen in this place.
 G = Mean time per level.
                   A        B        C        D        E       F      G
               +--------+--------+--------+--------+--------+-----+--------+
         Total |  56152 |  53425 |   2727 |  12425 |  31878 |  35 | 1604.3 |
       Dungeon |  19782 |  18312 |   1470 |   2504 |  13322 |  15 | 1318.8 |
          Lair |   9109 |   8601 |    508 |   2008 |   5060 |   5 | 1821.8 |
        Shoals |   8411 |   8219 |    192 |   2980 |   3729 |   4 | 2102.8 |
     Snake Pit |   7338 |   7070 |    268 |   2008 |   3782 |   4 | 1834.5 |
  Orcish Mines |   2700 |   2619 |     81 |    604 |   1405 |   2 | 1350.0 |
        Vaults |   8190 |   7983 |    207 |   1923 |   4547 |   4 | 2047.5 |
      Ice Cave |    618 |    618 |      0 |    398 |     32 |   1 |  618.0 |
               +--------+--------+--------+--------+--------+-----+--------+

Top non-repeatable levels by time:
Vaults:2: 3055 daAuts
Vaults:1: 2808 daAuts
 Snake:3: 2631 daAuts
Shoals:1: 2380 daAuts
   Orc:2: 2376 daAuts
Shoals:3: 2366 daAuts
Shoals:2: 2217 daAuts
  Lair:2: 2171 daAuts
Vaults:3: 2140 daAuts
    D:14: 2074 daAuts
  Lair:1: 2074 daAuts
     D:7: 2019 daAuts
     D:6: 1933 daAuts
  Lair:5: 1870 daAuts
     D:8: 1827 daAuts
